Map: Lerilak Crest

Players

SortOf - Winner!

  • Race: Zerg Zerg
  • League: Grandmaster

Lilbow

  • Race: Protoss Protoss
  • League: Grandmaster

Event: 2016 WCS Winter Circuit Championship

VOD

Have the link to the VOD?

Description

Time

  • Played on: March 2, 2016, 10:03 a.m.
  • Length: 12:09

All games in this series

Show
View Real Time Build Order
Export as new Build Order

SortOf Zerg - Winner!

Build Orders: Pool First, Lurkers 

Get SALT Encoding   

  12  0:00  Drone  
  13  0:12  Overlord  
  13  0:16  Drone  
  14  0:30  Drone x2  
  14  0:35  Drone  
  17  0:40  Extractor  
  16  0:44  Drone  
  17  0:50  Spawning Pool  
  17  0:55  Drone  
  17  1:06  Drone  
  18  1:20  Hatchery  
  18  1:24  Drone  
  18  1:37  Queen  
  20  1:40  Zergling x2  
  20  1:46  Metabolic Boost  
  21  1:54  Overlord  
  21  1:57  Drone  
  22  2:12  Drone x2  
  24  2:16  Roach Warren  
  24  2:21  Zergling x2  
  24  2:31  Overlord  
  24  2:56  Roach x4  
  24  2:57  Roach x2  
  36  3:01  Roach  
  38  3:07  Overlord  
  38  3:13  Zergling x2  
  38  3:21  Overlord  
  38  3:22  Zergling x2  
  38  3:23  Zergling x2  
  38  3:25  Roach  
  42  3:32  Zergling x4  
  44  3:37  Zergling x2  
  45  3:44  Zergling x2  
  45  3:49  Zergling x4  
  45  3:52  Ravager  
  47  3:56  Zergling x2  
  47  3:57  Zergling x2  
  47  4:02  Roach, Zergling x2  
  49  4:08  Roach  
  47  4:17  Drone  
  47  4:23  Drone x2  
  42  4:28  Zergling x2  
  42  4:30  Zergling x2  
  43  4:37  Roach  
  42  4:45  Roach  
  42  4:47  Roach x3  
  46  4:53  Roach  
  46  4:54  Drone x2  
  46  4:59  Queen  
  43  5:03  Drone  
  43  5:05  Drone  
  46  5:09  Drone, Ravager  
  46  5:10  Drone x2  
  47  5:20  Drone x2  
  47  5:25  Drone  
  48  5:35  Hatchery  
  47  5:37  Drone x2  
  47  5:39  Overlord  
  47  5:40  Ravager  
  47  5:41  Ravager  
  51  5:43  Drone  
  51  5:46  Overlord  
  52  5:57  Extractor  
  52  5:58  Extractor, Queen  
  52  6:02  Overlord  
  52  6:09  Zergling x2  
  52  6:10  Zergling x12  
  58  6:13  Ravager  
  58  6:16  Overlord  
  59  6:22  Drone  
  59  6:23  Drone x3  
  63  6:29  Lair  
  63  6:33  Overlord  
  63  6:35  Drone x2  
  65  6:43  Drone  
  66  6:49  Evolution Chamber  
  66  6:51  Roach x3  
  71  6:57  Overlord  
  71  7:02  Drone x4  
  71  7:05  Drone  
  76  7:10  Drone  
  76  7:11  Drone  
  76  7:12  Drone x3  
  81  7:17  Zerg Ground Armor Level 1  
  81  7:19  Drone  
  81  7:20  Drone  
  83  7:24  Drone  
  83  7:28  Drone  
  83  7:29  Hydralisk Den  
  84  7:32  Drone x4  
  84  7:36  Drone x3  
  91  7:39  Drone  
  92  7:44  Overlord  
  92  7:48  Extractor  
  92  7:49  Extractor, Drone x5  
  92  7:50  Extractor  
  94  7:54  Overlord  
  94  7:57  Overseer  
  94  7:58  Overseer  
  94  7:59  Lurker Den, Hydralisk  
  94  8:02  Hydralisk  
  94  8:04  Overlord  
  97  8:06  Hydralisk  
  97  8:08  Zergling x2  
  100  8:15  Hydralisk  
  100  8:16  Zergling x2  
  100  8:17  Zergling x8  
  107  8:22  Hydralisk x2  
  107  8:23  Zergling x2  
  107  8:26  Ravager  
  113  8:27  Zergling x6  
  113  8:30  Zergling x4  
  113  8:33  Overlord  
  118  8:35  Overlord  
  118  8:36  Hydralisk  
  120  8:44  Hydralisk  
  122  8:52  Hydralisk x3  
  122  8:53  Zergling x8  
  124  8:58  Zergling x2  
  124  8:59  Zergling x2  
  124  9:00  Zergling x8  
  125  9:03  Zergling x4  
  111  9:19  Zergling x8  
  111  9:24  Zergling x4  
  97  9:29  Drone  
  85  9:32  Hydralisk  
  85  9:37  Drone x2  
  87  9:41  Lurker  
  87  9:42  Lurker x5  
Show
View Real Time Build Order
Export as new Build Order

Lilbow Protoss 

Build Orders: 1 Gate Expand 

Get SALT Encoding   

  12  0:00  Probe (Chrono Boost)  
  13  0:11  Probe (Chrono Boost)  
  14  0:17  Pylon  
  14  0:22  Probe (Chrono Boost)  
  15  0:35  Probe (Chrono Boost)  
  16  0:36  Gateway  
  16  0:45  Probe (Chrono Boost)  
  16  0:47  Assimilator  
  17  0:56  Probe (Chrono Boost)  
  18  1:06  Probe (Chrono Boost)  
  19  1:17  Probe (Chrono Boost)  
  20  1:22  Nexus  
  20  1:31  Cybernetics Core  
  20  1:36  Probe (Chrono Boost)  
  21  1:40  Assimilator  
  21  1:47  Probe (Chrono Boost)  
  22  1:50  Pylon  
  22  1:57  Probe (Chrono Boost)  
  25  2:09  Pylon, Zealot (Chrono Boost)  
  24  2:19  Mothership Core  
  26  2:32  Gateway, Adept (Chrono Boost)  
  26  2:35  Pylon  
  28  2:40  Warp Gate (Chrono Boost)  
  28  2:43  Probe  
  29  2:44  Probe  
  30  2:54  Probe  
  30  2:55  Probe  
  30  2:56  Sentry (Chrono Boost)  
  34  3:04  Gateway  
  34  3:06  Probe  
  34  3:07  Probe  
  36  3:17  Probe  
  36  3:19  Sentry (Chrono Boost)  
  39  3:24  Probe  
  39  3:26  Stalker (Chrono Boost)  
  42  3:27  Probe  
  43  3:36  Probe  
  43  3:38  Probe  
  45  3:42  Stalker (Chrono Boost)  
  45  3:48  Probe x2  
  51  3:55  Stalker (Chrono Boost)  
  51  4:00  Probe  
  51  4:02  Gateway  
  54  4:04  Pylon  
  54  4:09  Pylon  
  44  4:23  Probe x2  
  33  4:35  Probe  
  32  4:41  Probe, Stalker x3  
  35  4:48  Probe  
  35  4:51  Probe  
  32  5:00  Probe  
  32  5:02  Probe  
  34  5:08  Sentry  
  34  5:09  Adept, Stalker  
  34  5:12  Probe x2  
  42  5:23  Probe  
  42  5:24  Probe  
  44  5:33  Probe  
  45  5:36  Probe  
  45  5:38  Sentry  
  45  5:39  Zealot, Adept  
  52  5:44  Probe  
  52  5:48  Probe  
  52  5:49  Assimilator  
  54  5:55  Pylon, Probe  
  55  6:00  Probe  
  56  6:05  Probe  
  57  6:12  Probe  
  57  6:16  Probe  
  57  6:17  Twilight Council  
  59  6:19  Gateway  
  59  6:20  Gateway  
  59  6:24  Probe  
  60  6:26  Probe, Assimilator  
  61  6:35  Stalker  
  61  6:36  Probe  
  61  6:37  Probe  
  61  6:38  Stalker  
  67  6:47  Probe  
  67  6:49  Probe  
  69  6:55  Blink (Chrono Boost)  
  69  6:56  Pylon x2  
  69  7:01  Probe  
  70  7:13  Pylon  
  70  7:15  Stalker x3  
  74  7:18  Stalker  
  74  7:19  Stalker  
  80  7:23  Pylon  
  80  7:25  Pylon  
  80  7:33  Pylon  
  80  7:48  Stalker  
  80  7:49  Stalker x4  
  90  7:59  Gateway  
  90  8:04  Pylon  
  90  8:17  Stalker x4  
  90  8:18  Stalker  
  100  8:40  Stalker x2  
  100  8:41  Stalker x3  
  106  9:04  Stalker x3  
  106  9:05  Stalker x2  
  86  9:25  Stalker  
  66  9:34  Stalker x2  
  66  9:35  Stalker x2  
  60  9:40  Stalker  
Tags
 
Add a new tag
Caveats
  • Supply blocks, unpowered buildings, or Contaminate may cause inaccurate times.
  • Supply counts are checked every 10 seconds.